 Dungeon Crawl Stone Soup version 0.14-a0-218-g24e112a (webtiles) character file.

4551 Aelig the Slicer (level 10, -2/76 HPs)
             Began as a Demonspawn Hunter on Oct 8, 2013.
             Was a Believer of Kikubaaqudgha.
             Slain by a killer bee (6 damage)
             ... on Level 10 of the Dungeon.
             The game lasted 01:10:31 (14428 turns).

Aelig the Slicer (Demonspawn Hunter)               Turns: 14428, Time: 01:10:31

HP  -2/76        AC 12     Str 12      XL: 10   Next: 11%
MP   9/9         EV 12     Int 22      God: Kikubaaqudgha [**....]
Gold 232         SH 14     Dex 15      Spells:  1 memorised,  8 levels left

Res.Fire  : . . .   See Invis. : .   A - +3,+2 elf dagger (drain)
Res.Cold  : . . .   Warding    : .   Y - +2 robe
Life Prot.: . . .   Conserve   : .   N - +0 shield
Res.Poison: .       Res.Corr.  : +   (no helmet)
Res.Elec. : .       Clarity    : .   P - +0 elf cloak
Sust.Abil.: . .     Spirit.Shd : .   g - +2 pair of gauntlets (curse)
Res.Mut.  : .       Stasis     : .   (boots unavailable)
Res.Rott. : .       Flight     : .   E - amulet of resist corrosion
Saprovore : . . .                    U - cursed +2 ring of dexterity
                                     (no ring)

@: brilliant, very slightly contaminated, hasted, very quick, somewhat resistant
to hostile enchantments, very stealthy
A: talons 3, nightstalker 2, AC +4
a: Receive Corpses, Renounce Religion


You were on level 10 of the Dungeon.
You worshipped Kikubaaqudgha.
Kikubaaqudgha was pleased with you.
You were not hungry.

You visited 2 branches of the dungeon, and saw 12 of its levels.

You collected 212 gold pieces.

Inventory:

Hand weapons
 A - a +3,+2 elven dagger of draining (weapon)
 G - a +1,+5 orcish flail
 W - a +2 blowgun
Missiles
 c - 2 throwing nets (quivered)
 X - 24 poisoned needles
Armour
 g - a cursed +2 pair of gauntlets (worn)
 N - a +0 shield (worn)
 P - a +0 elven cloak (worn)
 Y - a +2 robe (worn)
Magical devices
 b - a wand of confusion (6) {unknown}
 d - a wand of random effects (5)
 v - a wand of disintegration (11) {unknown}
 S - a wand of magic darts (9)
 T - a wand of frost (5)
Comestibles
 H - a rotting chunk of centaur flesh
 I - a bread ration
 J - 3 meat rations
Scrolls
 f - 3 scrolls of recharging {unknown}
 j - a scroll of noise
 k - a scroll of fear {unknown}
 o - 2 scrolls of enchant weapon II
 q - 3 scrolls of enchant armour
 u - 5 scrolls of identify
 y - 2 scrolls of amnesia
 D - a scroll of curse jewellery
 K - a scroll of remove curse
Jewellery
 h - an uncursed ring of teleportation
 m - an uncursed ring of sustain abilities
 E - an amulet of resist corrosion (around neck)
 U - a cursed +2 ring of dexterity (right hand)
Potions
 e - a potion of heal wounds {unknown}
 i - 2 potions of restore abilities
 n - a potion of confusion {unknown}
 p - 3 potions of brilliance
 x - a potion of paralysis {unknown}
 z - a potion of invisibility {unknown}
 B - a potion of cure mutation {unknown}
 L - a potion of mutation {unknown}
 M - a potion of resistance {unknown}
 O - a potion of poison {unknown}
 R - a potion of slowing {unknown}
 V - 2 potions of flight {unknown}
Books
 a - Kikubaaqudgha's Volume of Dark Arts
   (Kikubaaqudgha gifted it to you on level 6 of the Dungeon)

   Spells                             Type                      Level
   *Animate Skeleton                  Necromancy                   1
   Lethal Infusion                    Charms/Necromancy            2
   Sublimation of Blood               Necromancy                   2
   Regeneration                       Charms/Necromancy            3
   Control Undead                     Necromancy                   4


   Skills:
 - Level 8.0 Fighting
 - Level 8.2 Short Blades
 - Level 3.6 Throwing
 - Level 5.0 Dodging
 + Level 3.0 Stealth
 - Level 7.0 Necromancy


You had 8 spell levels left.
You knew the following spells:

 Your Spells              Type           Power        Failure   Level  Hunger
a - Animate Skeleton      Necr           N/A          1%          1    ##.....


Dungeon Overview and Level Annotations

Branches:
Dungeon (11/27)            Temple (1/1) D:5             Orc (0/4) D:9
   Lair: D:8-13

Altars:
Ashenzari
Cheibriados
Elyvilon
Fedhas
Kikubaaqudgha
Makhleb
Nemelex Xobeh
Okawaru
Sif Muna
Trog
Vehumet
Xom
Yredelemnul
Zin
the Shining One

Shops:
D:5 *   D:8 (

Annotations:
D:8 exclusion: downstairs


Innate Abilities, Weirdness & Mutations

You have claws for feet.
You are partially covered in iridescent scales (AC +4).
You are significantly more attuned to the shadows.


Message History

* * * LOW HITPOINT WARNING * * *
The killer bee closely misses you.
You see here 12 bolts of flame.
You block the killer bee's attack.
You see here a +0 pair of boots.
Unknown command.
The killer bee misses you.
The killer bee's inner flame fades away.
The killer bee stings you!
* * * LOW HITPOINT WARNING * * *
The killer bee's inner flame fades away.
The killer bee stings you.
* * * LOW HITPOINT WARNING * * *
Drink which item? (? for menu, Esc to quit)
Okay, then.
Drink which item? (? for menu, Esc to quit)
You feel more clever all of a sudden.
It was a potion of brilliance.
The killer bee stings you.
You die...
Kikubaaqudgha rasps: "You have failed me!
Welcome... death!"

..##.# ##...%[...#
...#.# #.......#.#
..<..##### #.........#
...##....# #...k####.#
..###.##.## ####.# #.#
......#.#.######k# #.#
.###...###....##k# #.#
.###.##.#.###.##k# #.#
.....###.## #.##@# #.#
.##### #.# #.##.# #.#
.# ###.# #.##.# #.# .#
#...# #.##.####.# .#
#.### #.##.##...## ..
#.# ####.##.......#
#.. # #.#.#
#.............# #.#
#.#.#
#.........._..######.#
#.#.#
#..#.#..#.........##.#


You could see 4 killer bees.

Vanquished Creatures
  The ghost of casual the Nimble, an experienced OpTm (D:6)
  A troll (D:10)
  A wolf (D:10)
  A manticore (D:7)
  2 phantoms (D:4)
  A rock worm (D:10)
  4 ogres
  An ice beast (D:6)
  Joseph (D:8)
  A komodo dragon skeleton (D:10)
  A manticore zombie (D:7)
  3 sky beasts
  2 yaks (D:10)
  A big kobold (D:8)
  A killer bee (D:11)
  5 wights (D:9)
  A yak skeleton (D:7)
  6 crimson imps
  6 centaurs
  2 jellies
  2 giant frogs
  A giant frog zombie (D:6)
  Dowan (D:8)
  9 hounds
  Duvessa (D:8)
  4 black bears
  A giant frog skeleton (D:7)
  A two-headed ogre zombie (D:9)
  2 orc priests
  5 scorpions
  5 worker ants
  2 ogre skeletons
  7 adders
  3 iguanas
  2 giant mites
  4 white imps (D:10)
  2 orc wizards
  2 worms (D:5)
  A goliath beetle simulacrum (D:10)
  A giant centipede simulacrum (D:10)
  3 giant eyeballs
  4 giant geckos
  12 orcs
  A bat skeleton (D:4)
  A giant mite zombie (D:7)
  16 gnolls
  19 goblins
  19 hobgoblins
  17 jackals
  A quokka (D:10)
  12 bats
  6 giant cockroaches
  7 giant newts
  2 giant spores
  A hobgoblin skeleton (D:7)
  18 kobolds
  A kobold zombie (D:6)
  An orc zombie (D:6)
  A quokka skeleton (D:9)
  11 rats
  A ballistomycete (D:6)
252 creatures vanquished.

Vanquished Creatures (others)
  An orc wizard (D:9)
  A bat (D:1)
2 creatures vanquished.

Grand Total: 254 creatures vanquished

Notes
Turn   | Place    | Note
--------------------------------------------------------------
     0 | D:1      | Aelig, the Demonspawn Hunter, began the quest for the Orb.
     0 | D:1      | Reached XP level 1. HP: 16/16 MP: 0/0
   135 | D:1      | Gained mutation: You are slightly more attuned to the shadows. [demonic ancestry]
   135 | D:1      | Reached XP level 2. HP: 12/22 MP: 1/1
   669 | D:2      | Gained mutation: You have sharp toenails. [demonic ancestry]
   669 | D:2      | Reached XP level 3. HP: 24/28 MP: 2/2
  1159 | D:2      | Reached skill level 4 in Fighting
  1808 | D:2      | Found a burning altar of Makhleb.
  1870 | D:2      | Gained mutation: You have razor-sharp toenails. [demonic ancestry]
  1870 | D:2      | Reached XP level 4. HP: 33/35 MP: 3/3
  2341 | D:2      | Reached skill level 5 in Fighting
  2341 | D:2      | Reached XP level 5. HP: 23/41 MP: 4/4
  3402 | D:4      | Paralysed by a giant eyeball for 4 turns
  3547 | D:4      | Noticed a phantom
  3695 | D:4      | Reached skill level 6 in Fighting
  3818 | D:4      | Killed a phantom
  3818 | D:4      | Gained mutation: You are significantly more attuned to the shadows. [demonic ancestry]
  3818 | D:4      | Reached XP level 6. HP: 29/48 MP: 5/5
  4248 | D:4      | Reached skill level 7 in Fighting
  4739 | D:4      | Noticed a phantom
  4756 | D:4      | Killed a phantom
  4859 | D:4      | Reached XP level 7. HP: 55/55 MP: 6/6
  5296 | D:5      | Entered Level 5 of the Dungeon
  5338 | D:5      | Found a staircase to the Ecumenical Temple.
  5399 | Temple   | Entered the Ecumenical Temple
  5519 | Temple   | Became a worshipper of Kikubaaqudgha
  5596 | D:5      | Found Ytojiar's Assorted Antiques.
  5856 | D:5      | Reached skill level 8 in Fighting
  5968 | D:5      | Reached skill level 1 in Short Blades
  6904 | D:6      | Acquired Kikubaaqudgha's first power
  6904 | D:6      | Received a gift from Kikubaaqudgha
  6905 | D:6      | Identified Kikubaaqudgha's Volume of Dark Arts (Kikubaaqudgha gifted it to you on level 6 of the Dungeon)
  7141 | D:6      | Noticed casual's ghost (experienced OpTm)
  7206 | D:6      | Killed casual's ghost
  7206 | D:6      | Reached XP level 8. HP: 48/63 MP: 7/7
  7507 | D:5      | Learned a level 1 spell: Animate Skeleton
  7689 | D:6      | Reached skill level 5 in Short Blades
  7934 | D:6      | Reached skill level 5 in Dodging
  8066 | D:7      | Reached skill level 1 in Necromancy
  8578 | D:7      | Gained mutation: You are partially covered in iridescent scales (AC +4). [demonic ancestry]
  8578 | D:7      | Reached XP level 9. HP: 56/69 MP: 8/8
  8586 | D:7      | Found a bloodstained altar of Trog.
  8600 | D:7      | Reached skill level 5 in Necromancy
  9115 | D:8      | Noticed Joseph
  9140 | D:8      | Noticed Dowan
  9141 | D:8      | Noticed Duvessa
  9389 | D:8      | Killed Duvessa
  9395 | D:8      | Killed Dowan
  9583 | D:8      | Noticed an orange demon
  9584 | D:8      | Noticed an orange demon
  9590 | D:8      | Noticed an orange demon
  9590 | D:8      | Noticed an orange demon
  9591 | D:8      | Noticed an orange demon
  9705 | D:8      | Killed Joseph
 10894 | D:8      | Found Keosepla's Weapon Shoppe.
 11560 | D:9      | Found a radiant altar of Vehumet.
 11570 | D:9      | Acquired Kikubaaqudgha's second power
 12228 | D:9      | Found a bloodstained altar of Trog.
 12244 | D:10     | Entered Level 10 of the Dungeon
 12522 | D:9      | Found a staircase to the Orcish Mines.
 14214 | D:10     | Found a bloodstained altar of Trog.
 14237 | D:10     | Gained mutation: You have claws for feet. [demonic ancestry]
 14237 | D:10     | Reached XP level 10. HP: 76/76 MP: 9/9
 14270 | D:10     | Reached skill level 1 in Stealth
 14377 | D:11     | Found a blossoming altar of Fedhas.
 14428 | D:10     | Slain by a killer bee

Action                   |  1- 3 |  4- 6 |  7- 9 | 10-12 || total
-------------------------+-------+-------+-------+-------++-------
Melee: Short sword       |    54 |       |       |       ||    54
       Dagger            |   130 |   162 |   906 |    29 ||  1227
       Flail             |       |     4 |       |       ||     4
 Fire: Blowgun           |       |       |     5 |       ||     5
Throw: Javelin           |     7 |    40 |    95 |       ||   142
       Throwing net      |       |     1 |     2 |     1 ||     4
       Tomahawk          |       |       |     2 |       ||     2
Evoke: Wand              |       |     3 |    17 |     1 ||    21
  Use: Potion            |     2 |     1 |     3 |     4 ||    10
       Scroll            |       |       |     6 |     8 ||    14
 Stab: Sleeping          |     2 |     5 |    16 |     5 ||    28
       Distracted        |       |       |     2 |       ||     2
       Held in net/web   |       |       |     3 |       ||     3
